 Dungeon Crawl Stone Soup version 0.21-a0-476-gd103f4b (webtiles) character file.

1005 dvd the Digger (level 7, 0/78 HPs)
             Began as a Demigod Earth Elementalist on Nov 22, 2017.
             Succumbed to a killer bee's poison
             ... on level 5 of the Dungeon.
             The game lasted 00:15:40 (6270 turns).

dvd the Digger (Demigod Earth Elementalist)         Turns: 6270, Time: 00:15:41

Health: 0/78       AC:  5    Str: 16 (18) XL:     7   Next: 68%
Magic:  21/25      EV: 13    Int: 20 (21) God:
Gold:   177        SH:  0    Dex: 14 (16) Spells: 5/14 levels left

rFire    . . .     SeeInvis .   A - +2 trident (freeze)
rCold    . . .     Gourm    .   (no shield)
rNeg     . . .     Faith    .   c - +0 robe
rPois    .         Spirit   .   (no helmet)
rElec    .         Reflect  .   x - +0 cloak
rCorr    .         Harm     .   G - +1 pair of gloves
MR       .....                  (no boots)
Stlth    ..........             w - amulet of magic regeneration
HPRegen  0.23/turn              t - ring of wizardry
MPRegen  0.44/turn              v - ring of magical power

@: berserking, lethally poisoned (0 -> -11), flying, very slightly contaminated,
invisible, very quick
A: high mp 1
a: no special abilities


You were on level 5 of the Dungeon.
You were very hungry.

You visited 1 branch of the dungeon, and saw 5 of its levels.
You also visited: Sewer.

You collected 177 gold pieces.

Inventory:

Hand Weapons
 A - a +2 trident of freezing (weapon)
 F - a +0 hand axe of electrocution
Missiles
 b - 177 stones (quivered)
Armour
 c - a +0 robe (worn)
 x - a +0 cloak (worn)
 G - a +1 pair of gloves (worn)
Jewellery
 r - an uncursed ring of protection from magic
 t - a ring of wizardry (left hand)
 v - a ring of magical power (right hand)
 w - an amulet of magic regeneration (around neck)
Wands
 y - a wand of disintegration (19)
Scrolls
 g - 3 scrolls of amnesia {unknown}
 h - a scroll of immolation {unknown}
 i - 5 scrolls of identify
 m - 2 scrolls of enchant armour
 p - 4 scrolls of remove curse
 s - 4 scrolls of teleportation {unknown}
 z - a scroll of enchant weapon {unknown}
 B - a scroll of fear {unknown}
 H - 3 scrolls of blinking
Potions
 a - a potion of curing {unknown}
 j - a potion of mutation {unknown}
 l - a potion of heal wounds
 n - a potion of degeneration
 C - 2 potions of magic
 D - a potion of lignification
 I - a potion of invisibility
 J - a potion of flight
 K - a potion of might {unknown}
Books
 e - a book of Geomancy

   Spells                             Type                      Level
   a - Sandblast                      Earth                        1
   b - Passwall                       Transmutation/Earth          2
   c - Stone Arrow                    Conjuration/Earth            3
   d - Petrify                        Transmutation/Earth          4
   e - Lee's Rapid Deconstruction     Earth                        5
 f - a book of Callings

   Spells                             Type                      Level
   a - Summon Small Mammal            Summoning                    1
   b - Call Imp                       Summoning                    2
   c - Call Canine Familiar           Summoning                    3
   d - Summon Guardian Golem          Hexes/Summoning              3
   e - Summon Lightning Spire         Summoning/Air                4
   f - Summon Ice Beast               Ice/Summoning                4
Comestibles
 d - 4 bread rations
 k - 2 fruits
 o - 3 meat rations
 q - 4 royal jellies


   Skills:
 + Level 1.6 Fighting
   Level 0.1 Short Blades
 + Level 2.4 Polearms
 + Level 3.2 Dodging
 + Level 3.2 Stealth
 + Level 4.2 Spellcasting
 + Level 1.8 Conjurations
   Level 0.8 Transmutations
 + Level 5.3 Earth Magic


You had 5 spell levels left.
You knew the following spells:

 Your Spells              Type           Power        Failure   Level  Hunger
a - Sandblast             Erth           ####..       1%          1    None
b - Stone Arrow           Conj/Erth      ###...       3%          3    ###....
c - Lee's Rapid Deconstr  Erth           ####......   16%         5    ######.


Dungeon Overview and Level Annotations

Branches:
Dungeon (5/15)
 Temple: D:4-7

Annotations:
D:4 Dowan; Duvessa; mortelune's ghost, amateur GrFi


Innate Abilities, Weirdness & Mutations

You have an increased reservoir of magic. (+10% MP)


Message History

You impale the killer bee!! You freeze the killer bee.
You kill the killer bee!
The killer bee closely misses you.
You puncture the killer bee! You freeze the killer bee.
The killer bee is severely wounded.
You feel sick.
The killer bee stings you but does no damage.
You closely miss the killer bee.
The killer bee is severely wounded.
The killer bee closely misses you. x2
You hit the killer bee but do no damage.
The killer bee is severely wounded.
You feel sick. The killer bee stings you.
* * * LOW HITPOINT WARNING * * *
You are more poisoned.
The killer bee poisons you!
You strike the helpless killer bee from behind!
You impale the killer bee!! You freeze the killer bee.
You kill the killer bee!
You die...

.......
#..#
#..######
......?
#.### ##.##
.......##
#...###..#
........#
#..†....##
#..###
#.#####.##
###..####.#
##.#
##yy##.##
#.##
###†#.#
##.# ##@.#
#.# #.###
### ###


You could see 2 killer bees.

Vanquished Creatures
  3 ogres
  2 phantoms
  A scorpion (D:5)
  4 killer bees (D:5)
  A jelly (D:5)
  An orc wizard (D:4)
  2 worker ants
  A hound skeleton (D:4)
  A worker ant zombie (D:5)
  6 adders
  3 river rats (D:5)
  6 oozes (Sewer)
  6 worms
  2 dart slugs
  6 leopard geckos
  12 orcs
  4 giant cockroaches
  8 goblins
  4 hobgoblins
  7 jackals
  4 kobolds
  A quokka (D:3)
  4 ball pythons
  11 bats
  5 frilled lizards
  5 rats
110 creatures vanquished.

Notes
Turn   | Place    | Note
-------+----------+-------------------------------------------
     0 | D:1      | dvd the Demigod Earth Elementalist began the quest for the Orb.
     0 | D:1      | Reached XP level 1. HP: 14/14 MP: 5/5
   219 | D:1      | Reached skill level 3 in Earth Magic
   285 | D:1      | Reached XP level 2. HP: 20/20 MP: 4/7
  1464 | D:2      | Reached XP level 3. HP: 26/26 MP: 4/8
  1469 | D:2      | Learned a level 3 spell: Stone Arrow
  2540 | D:3      | Reached XP level 4. HP: 32/33 MP: 10/10
  2586 | D:3      | Reached skill level 4 in Earth Magic
  3105 | D:4      | Noticed a phantom
  3240 | D:4      | Killed a phantom
  3240 | D:4      | Reached XP level 5. HP: 36/39 MP: 12/12
  3256 | D:4      | Noticed Duvessa
  3371 | D:4      | Reached skill level 1 in Fighting
  3454 | D:4      | Noticed Dowan
  3840 | D:4      | Learned a level 5 spell: Lee's Rapid Deconstruction
  3847 | D:4      | Noticed an ogre
  3850 | D:4      | Killed an ogre
  3850 | D:4      | Reached skill level 1 in Polearms
  3850 | D:4      | Reached XP level 6. HP: 47/47 MP: 13/13
  4002 | D:4      | Noticed mortelune's ghost (amateur GrFi)
  4036 | D:4      | HP: 1/47 [mortelune's ghost (14)]
  4586 | D:5      | Entered Level 5 of the Dungeon
  4593 | D:5      | Reached skill level 1 in Conjurations
  4632 | D:5      | Found a sacrificial altar of Ru.
  4632 | D:5      | Found a burning altar of Makhleb.
  4637 | D:5      | Found a sparkling altar of Nemelex Xobeh.
  4639 | D:5      | Found a glowing silver altar of Zin.
  4640 | D:5      | Found a hazy altar of Hepliaklqana.
  4933 | D:5      | Found a glowing drain.
  4974 | Sewer    | Entered a sewer
  4985 | Sewer    | HP: 2/47 [worm (4)]
  5639 | Sewer    | Reached XP level 7. HP: 26/52 MP: 15/15
  6000 | D:5      | Reached skill level 5 in Earth Magic
  6269 | D:5      | HP: 1/78 [killer bee (6)]
  6270 | D:5      | Succumbed to a killer bee's poison

Vault maps used:
D:1:      dpeg_arrival_rooms_b, serial_forest, infiniplex_forest_straight_3,
          infiniplex_forest_clump_diagonal, infiniplex_forest_clump_diagonal,
          infiniplex_forest_lined_3_way, infiniplex_forest_side_room,
          infiniplex_forest_lined_2, infiniplex_forest_clump_double,
          infiniplex_forest_end_1
D:3:      minivault_11
D:4:      st_stairs_11, uniq_duvessa
D:5:      gammafunk_steamed_eel, fedhas_altar_1,
          chequers_temple_overflow_minitemple, first_bread,
          gup_sewer_entry_bubbles, minmay_misc_feat_chi,
          nicolae_tso_besieged_by_evil
Sewer:    sewer_fruit_machine

Skill      XL: |  1  2  3  4  5  6  7 |
---------------+----------------------+-----
Earth Magic    | 3 4 5 |  5.3
Spellcasting   | 2 3 4 |  4.2
Stealth        | 2 3 |  3.2
Dodging        | 2 3 |  3.2
Fighting       | 1 |  1.6
Polearms       | 1 2 |  2.4
Conjurations   | 1 |  1.8
Short Blades   | |  0.1
Transmutations | |  0.8

Action                   |  1- 3 |  4- 6 |  7- 9 || total
-------------------------+-------+-------+-------++-------
Melee: Short sword       |    43 |       |       ||    43
       Unarmed           |     1 |       |       ||     1
       War axe           |     8 |     9 |       ||    17
       Trident           |       |    87 |    16 ||   103
 Cast: Sandblast         |    41 |    52 |     7 ||   100
       Stone Arrow       |     3 |    26 |     9 ||    38
       Lee's Rapid Decon |       |     2 |     1 ||     3
  Use: Potion            |       |     2 |     4 ||     6
       Scroll            |       |     2 |     2 ||     4
 Stab: Sleeping          |     7 |     4 |       ||    11
       Invisible         |       |       |     1 ||     1
  Eat: Chunk             |     6 |    12 |     2 ||    20
       Fruit             |       |     1 |       ||     1
Armor: Robe              |    18 |    31 |     6 ||    55
Dodge: Dodged            |    39 |   144 |    22 ||   205

Table legend:
 A = Spawn XP
 B = Non-spawn XP
 C = Spawn XP percentage of total XP
 D = Spawn monster count
 E = Non-spawn monster count
 F = Spawn count percentage of total count
 G = Total turns spent on level
                    A         B        C        D         E        F      G
               +---------+---------+-------+---------+---------+-------+---------
         Total |       0 |    1437 |   0.0 |       0 |     110 |   0.0 |  6270
               +---------+---------+-------+---------+---------+-------+---------
           D:1 |       0 |      19 |   0.0 |       0 |      11 |   0.0 |   953
           D:2 |       0 |      80 |   0.0 |       0 |      18 |   0.0 |  1263
           D:3 |       0 |      62 |   0.0 |       0 |      23 |   0.0 |  1811
           D:4 |       0 |     363 |   0.0 |       0 |      12 |   0.0 |   559
           D:5 |       0 |     819 |   0.0 |       0 |      20 |   0.0 |   731
         Sewer |       0 |      94 |   0.0 |       0 |      26 |   0.0 |   953
               +---------+---------+-------+---------+---------+-------+---------
